 Dungeon Crawl Stone Soup version 0.29-a0-393-g47a863cc1b (webtiles) character file.

Game seed: 11421360040659424884

21 Lekart the Skirmisher (level 2, 0/27 HPs)
             Began as a Draconian Chaos Knight on May 9, 2022.
             Was a Plaything of Xom.
             Succumbed to an adder's poison
             ... on level 2 of the Dungeon.
             The game lasted 00:02:35 (1208 turns).

Lekart the Skirmisher (Draconian Chaos Knight)      Turns: 1208, Time: 00:02:35

Health: 0/27       AC:  4    Str: 14      XL:     2   Next: 62%
Magic:  2/2        EV:  9    Int: 12      God:    Xom [....*.]
Gold:   92         SH:  0    Dex:  9 (10) Spells: 1/1 levels left

rFire   . . .      SeeInvis .   a - +0 falchion (chaos)
rCold   . . .      Faith    .   (no shield)
rNeg    . . .      Spirit   .   (body armour unavailable)
rPois   +          Reflect  .   (helmet restricted)
rElec   .          Harm     .   (no cloak)
rCorr   .          Rampage  .   (no gloves)
Will    .....                   (no boots)
Stlth   +.........              (no amulet)
HPRegen 0.09/turn               (no ring)
MPRegen 0.08/turn               (no ring)

@: lethally poisoned (0 -> -3), slowed, constricted, very slow
A: AC +4, unfitting armour, cold-blooded, deterioration 1, sense surroundings 1,
poison resistance, inability to read while threatened, MP-powered wands, noise
suppression
a: Renounce Religion


You were on level 2 of the Dungeon.
You worshipped Xom.
You were a beloved toy of Xom.
You visited 1 branch of the dungeon, and saw 2 of its levels.

You collected 92 gold pieces.

Inventory:

Hand Weapons
 a - a +0 falchion of chaos (weapon)
Missiles
 l - 3 javelins
Armour
 d - a +0 cloak
Scrolls
 e - a scroll of teleportation {unknown}
 f - a scroll of summoning {unknown}
 h - 3 scrolls of identify {unknown}
 j - a scroll of vulnerability {unknown}
 k - a scroll of immolation {unknown}
Potions
 c - a potion of attraction {unknown}
 g - a potion of curing {unknown}
 i - a potion of cancellation {unknown}
Miscellaneous
 b - a piece from Xom's chessboard (15/15) (quivered)


   Skills:
 + Level 3.7 Fighting
 + Level 3.5 Long Blades
 + Level 2.3 Dodging


You had one spell level left.
You didn't know any spells.
Your spell library contained the following spells:

 Spells                   Type           Power      Damage    Failure   Level
 Blink                    Tloc           0%         N/A       45%         2
 Manifold Assault         Tloc           0%         N/A       100%        5
 Storm Form               Tmut/Air       0%         N/A       100%        7


Dungeon Overview and Level Annotations

Branches:
Dungeon (2/15)

Altars:


Innate Abilities, Weirdness & Mutations

Your plain brown scales are hard. (AC +4)
You cannot fit into any form of body armour.
You are cold-blooded and may be slowed by cold attacks.
Your body sometimes deteriorates upon taking damage.
You passively map a small area around you.
Your system is resistant to poisons. (rPois)
You sometimes lose the ability to read scrolls when taking damage.
You expend magic power (3 MP) to strengthen your wands.
You passively dampen the noise of your surroundings.


Message History

The adder is almost dead.
You can read scrolls again.
The adder barely misses you. The endoplasm freezes you.
You are frozen.
You feel threatened and lose the ability to read scrolls!
You closely miss the adder.
Your tail-slap misses the adder.
The adder is almost dead.
You can read scrolls again.
The adder is no longer moving slowly.
The adder bites you but does no damage. The endoplasm barely misses you.
You barely miss the adder.
Your tail-slap misses the adder.
The adder is almost dead.
The adder bites you but does no damage. The endoplasm freezes you.
You are frozen.
You feel yourself slow down. The adder bites you.
You are poisoned.
The adder poisons you!
You hit the adder but do no damage.
The adder is poisoned.
The adder is almost dead.
* * * LOW HITPOINT WARNING * * *
You feel very sick.
You hear Xom's avuncular chuckle.
The adder evaporates and reforms as a ball python!
The endoplasm barely misses you. The ball python closely misses you.
The ball python completely misses you. The endoplasm freezes you.
You are frozen.
You feel threatened and lose the ability to read scrolls!
* * * LOW HITPOINT WARNING * * *
Your body deteriorates!
You feel clumsy.
You feel as though you will be slow longer.
The ball python barely misses you. The ball python grabs you.
The ball python constricts you.
You hit the ball python but do no damage.
The ball python is poisoned.
The ball python is heavily wounded.
You can read scrolls again.
You die...
Xom laughs nastily!

#.# * , ...# * ,
#.# ... * #.# , ...
*, , * #<# * *#.# ,
* #.## ####.###
#..# #......###..
##.# #.#.......#
#.# #.#..#.##.#.#*
#.# #....@J...... ,
#.#####.#.##S##.#.#
#..............,
###############.# #
, ,, * * , ,


You could see an endoplasm and a ball python (very poisoned).

Vanquished Creatures
  3 endoplasms (D:1)
  2 giant cockroaches (D:1)
  2 goblins (D:1)
  A hobgoblin (D:1)
  5 kobolds (D:1)
  2 ball pythons (D:1)
  3 frilled lizards (D:1)
  A rat (D:1)
19 creatures vanquished.

Notes
Turn   | Place    | Note
-------+----------+-------------------------------------------
     0 | D:1      | Lekart the Draconian Chaos Knight began the quest for the
                  | Orb.
     0 | D:1      | Reached XP level 1. HP: 19/19 MP: 1/1
   206 | D:1      | XOM: silly message
   228 | D:1      | XOM: silly message
   239 | D:1      | XOM: butterfly on damage
   241 | D:1      | Reached XP level 2. HP: 5/26 MP: 2/2
   592 | D:1      | Found a faded altar of an unknown god.
   712 | D:1      | XOM is BORED!
   729 | D:1      | XOM: give mutations
   729 | D:1      | Gained mutation: Your system is resistant to poisons.
                  | (rPois) [Xom's grace]
   729 | D:1      | Gained mutation: You passively map a small area around you.
                  | [Xom's grace]
   729 | D:1      | Gained mutation: You expend magic power (3 MP) to
                  | strengthen your wands. [Xom's grace]
   729 | D:1      | Gained mutation: You passively dampen the noise of your
                  | surroundings. [Xom's grace]
   867 | D:1      | XOM: give mutations
   867 | D:1      | Gained mutation: You sometimes lose the ability to read
                  | scrolls when taking damage. [Xom's mischief]
   867 | D:1      | Gained mutation: Your body sometimes deteriorates upon
                  | taking damage. [Xom's mischief]
   867 | D:1      | Lost mutation: You sometimes lose the ability to read
                  | scrolls when taking damage. [Xom's mischief]
   867 | D:1      | Gained mutation: You sometimes lose the ability to read
                  | scrolls when taking damage. [Xom's mischief]
  1100 | D:1      | XOM: scenery: 1 doors close
  1207 | D:2      | XOM: polymorph adder -> ball python
  1207 | D:2      | HP: 1/27 [frozen (5)]
  1208 | D:2      | Succumbed to an adder's poison

Illustrated notes

Levels and vault maps discovered:
D:1:      onia_arrival_pyramid, layout_basic,
          shapermc_ecumenical_altar_flowoftime
D:2:      layout_loops_cross

Action                   || total
-------------------------++-------
Melee: Falchion          ||    53
       Tailslap          ||     4
 Stab: Sleeping          ||     1
Armor: Skin              ||    20
Dodge: Dodged            ||    32

Table legend: (Time is in decaauts)
 A = Elapsed time spent in this place.
 B = Non-inter-level travel time spent in this place.
 C = Inter-level travel time spent in this place.
 D = Time resting spent in this place.
 E = Time spent auto-exploring this place.
 F = Levels seen in this place.
 G = Mean time per level.
                   A        B        C        D        E       F      G
               +--------+--------+--------+--------+--------+-----+--------+
         Total |   1225 |   1171 |     54 |      0 |   1018 |   2 |  612.5 |
       Dungeon |   1225 |   1171 |     54 |      0 |   1018 |   2 |  612.5 |
               +--------+--------+--------+--------+--------+-----+--------+

Top non-repeatable levels by time:
     D:1: 1190 daAuts
     D:2: 35 daAuts
